 Dungeon Crawl Stone Soup version 0.30-a0-986-g7f2e898f52 (webtiles) character file.

Game seed: 17024087913118132906

3758 Grim the Cleaver (level 10, -1/73 HPs)
             Began as a Formicid Fighter on Apr 2, 2023.
             Was an Initiate of Yredelemnul.
             Slain by a troll (2 damage)
             ... on level 8 of the Dungeon.
             The game lasted 00:11:36 (7424 turns).

Grim the Cleaver (Formicid Fighter)                 Turns: 7424, Time: 00:11:38

Health: -1/73      AC:  9    Str: 25    XL:     10   Next: 37%
Magic:  10/10      EV:  9    Int:  8    God:    Yredelemnul [......]
Gold:   437        SH:  8    Dex: 19    Spells: 9/9 levels left

rFire   . . .      SeeInvis +    G - +0 broad axe
rCold   . . .      Faith    .    F - +2 buckler
rNeg    . . .      Spirit   .    b - +0 scale mail
rPois   .          Reflect  .    (helmet unavailable)
rElec   .          Rampage  .    (no cloak)
rCorr   .                        j - +0 pair of gloves
Will    ++...                    g - +0 pair of boots Stlth
                                 (no amulet)
HPRegen 0.32/turn                k - +6 ring of dexterity
MPRegen 0.12/turn                D - ring of willpower

@: no status effects
A: permanent stasis, dig shafts and tunnels, antennae 3, four strong arms
a: Dig, Shaft Self, Renounce Religion, Recall Undead Harvest


You were on level 8 of the Dungeon.
You worshipped Yredelemnul.
Yredelemnul was noncommittal.
You visited 2 branches of the dungeon, and saw 10 of its levels.

You collected 437 gold pieces.

Inventory:

Hand Weapons
 G - a +0 broad axe (weapon)
Armour
 b - a +0 scale mail (worn)
 g - a +0 pair of boots (worn)
 j - a +0 pair of gloves (worn)
 w - a +0 plate armour
 F - a +2 buckler (worn)
Jewellery
 d - a +6 ring of dexterity
 k - a +6 ring of dexterity (left hand)
 D - a ring of willpower (right hand)
 H - a ring of wizardry
 J - a +5 ring of evasion
Wands
 t - a wand of polymorph (10)
 u - a wand of paralysis (20)
 x - a wand of quicksilver (9)
 E - a wand of flame (24)
 M - a wand of mindburst (25)
Scrolls
 c - 3 scrolls of noise
 f - a scroll of blinking {unknown}
 i - a scroll of poison
 n - a scroll of enchant weapon {unknown}
 o - 2 scrolls of amnesia
 p - 2 scrolls of vulnerability
 r - 3 scrolls of teleportation
 s - 3 scrolls of fog
 v - a scroll of torment {unknown}
 y - a scroll of brand weapon {unknown}
 N - a scroll of silence {unknown}
 O - a scroll of magic mapping {unknown}
 P - 2 scrolls of immolation
 Q - a scroll of fear {unknown}
Potions
 a - a potion of attraction {unknown}
 e - 8 potions of curing
 h - a potion of lignification {unknown}
 l - 4 potions of haste
 q - a potion of ambrosia {unknown}
 z - 2 potions of berserk rage
 A - 2 potions of mutation {!q}
 B - a potion of magic {unknown}
 C - a potion of flight {unknown}
 I - a potion of resistance {unknown}
 K - a potion of might
 L - 2 potions of cancellation {unknown}


   Skills:
 + Level 4.5 Fighting
 * Level 13.9 Axes
 - Level 3.2 Armour
 - Level 4.0 Shields


You had 9 spell levels left.
You didn't know any spells.
Your spell library contained the following spells:

 Spells                   Type           Power      Damage    Failure   Level
 Sting                    Tmut/Pois      0%         1d3       77%         1
 Cigotuvi's Dreadful Rot  Necr/Pois/Air  0%         N/A       88%         2
 Poisonous Vapours        Pois/Air       0%         N/A       88%         2
 Mephitic Cloud           Conj/Pois/Air  0%         N/A       98%         3
 Portal Projectile        Hex/Tloc       0%         N/A       98%         3
 Stone Arrow              Conj/Erth      0%         3d7       98%         3
 Tukima's Dance           Hex            0%         N/A       98%         3
 Animate Armour           Summ/Erth      0%         N/A       100%        4
 Leda's Liquefaction      Hex/Erth       0%         N/A       100%        4
 Olgreb's Toxic Radiance  Pois           0%         N/A       100%        4
 Petrify                  Tmut/Erth      0%         N/A       100%        4
 Summon Ice Beast         Ice/Summ       0%         N/A       100%        4
 Blade Hands              Tmut           0%         N/A       100%        5
 Lee's Rapid Deconstruct  Erth           0%         3d4*      100%        5
 Metabolic Englaciation   Hex/Ice        0%         N/A       100%        5
 Summon Mana Viper        Hex/Summ       0%         N/A       100%        5
 Statue Form              Tmut/Erth      0%         N/A       100%        6
 Monstrous Menagerie      Summ           0%         N/A       100%        7
 Lehudib's Crystal Spear  Conj/Erth      0%         10d2      100%        8


Dungeon Overview and Level Annotations

Branches:
Dungeon (9/15)             Temple (1/1) D:5            Lair (0/5) D:8
    Orc: D:9-12

Altars:
Ashenzari
Cheibriados
Dithmenos
Elyvilon
Fedhas
Gozag
Hepliaklqana
Kikubaaqudgha
Makhleb
Okawaru
Qazlal
Ru
Sif Muna
Trog
Vehumet
Wu Jian
Yredelemnul
Zin
The Shining One


Innate Abilities, Weirdness & Mutations

You cannot be hasted, slowed, berserked, paralysed or teleported.
You can dig through walls and to a lower floor.
You have a pair of large antennae on your head. (SInv)
Your four strong arms can wield two-handed weapons with a shield.


Message History

You slash the troll!
The troll is heavily wounded.
The troll bites you but does no damage. The troll claws you.
* * * LOW HITPOINT WARNING * * *
The troll claws you but does no damage.
The orc hits your orc wizard zombie with a +0 hand axe. x2
Your orc wizard zombie hits the troll but does no damage. x2
You barely miss the troll.
The troll is heavily wounded.
You barely miss the orc. The troll barely misses you. The troll claws you.
* * * LOW HITPOINT WARNING * * *
The troll claws you but does no damage. The orc hits you with a +0 club.
* * * LOW HITPOINT WARNING * * *
An orc wizard comes into view. It is wielding a +0 dagger.
The orc barely misses your orc wizard zombie.
The orc hits your orc wizard zombie with a +0 hand axe.
An orc comes into view. It is wielding a +0 club.
Your orc wizard zombie hits the troll but does no damage.
There is a stone staircase leading up here.
The troll barely misses you. The troll claws you but does no damage.
The troll closely misses you.
The orc hits your orc wizard zombie with a +0 mace.
The orc completely misses you.
Your orc wizard zombie closely misses the troll.
You climb upwards.
There is a stone staircase leading down here.
You barely miss the troll.
The troll is heavily wounded.
You hit the orc.
You kill the orc!
The troll bites you!
* * * LOW HITPOINT WARNING * * *
The troll barely misses you. The troll claws you but does no damage.
You slash the troll!
The troll is severely wounded.
The troll bites you!
* * * LOW HITPOINT WARNING * * *
The troll claws you.
You die...
Your body rises from the dead as a mindless zombie.

....................Z.Z..........
.{.#Z...................{.#.#####
...#.{..{....###.######.###.#####
...#..{{#'#.#.............#......
#########.#.#.#########.#.#.ZZ.#.
#.#......##.###.#.#....#.
#.....##.##.....#.#....#.
################T##Z#...#.#....{Z
..........# #@##.#.#.#.#......
..........# #)#.<#.#.#.#......
..........# #.#..#...#.#.....♣
..........######.#..#####.#.....♣
..........#......#........#.....♣
..........#......###.######......
.....................## ##....#.
.....#.....###.#...#..# ##.....#.
.....#.....#.#.###.##.###{{....#.


You could see a troll.

Vanquished Creatures
  Maurice (D:9)
  Sigmund (D:3)
  3 yaks
  A steam dragon (D:8)
  Menkaure (D:5)
  Edmund (D:6)
  A sky beast (D:8)
  4 ice beasts
  2 black bears
  The ghost of flt the Insei, an amateur DgTm (D:3)
  2 phantoms (D:5)
  2 centaurs (D:6)
  2 kobold brigands (D:8)
  Blork the orc (D:5)
  4 bullfrogs
  A scorpion (D:5)
  2 hounds
  3 jellies
  An orc priest (D:7)
  A gnoll bouda (D:4)
  2 sleepcaps
  Jessica (D:2)
  4 iguanas
  Ijyb (D:3)
  9 orc wizards
  Robin (D:2)
  7 gnolls
  8 adders
  An ufetubus (D:5)
  A dart slug (D:2)
  18 orcs
  7 endoplasms
  6 giant cockroaches
  16 goblins
  12 hobgoblins
  14 kobolds
  3 quokkas
  10 ball pythons
  6 bats
  3 frilled lizards
  6 rats
  A butterfly (D:5)
172 creatures vanquished.

Vanquished Creatures (collateral kills)
  A kobold (D:8)
1 creature vanquished.

Vanquished Creatures (others)
  An orc zombie (D:9)
  A plant (D:3)
2 creatures vanquished.

Grand Total: 175 creatures vanquished

Notes
Turn   | Place    | Note
-------+----------+-------------------------------------------
     0 | D:1      | Grim the Formicid Fighter began the quest for the Orb.
     0 | D:1      | Reached XP level 1. HP: 18/18 MP: 1/1
    97 | D:1      | Reached XP level 2. HP: 24/24 MP: 2/2
   201 | D:1      | Reached skill level 3 in Axes
   304 | D:1      | Reached XP level 3. HP: 29/29 MP: 3/3
   744 | D:2      | Noticed Robin
   752 | D:2      | Killed Robin
   753 | D:2      | Reached skill level 4 in Axes
   753 | D:2      | Reached XP level 4. HP: 32/35 MP: 4/4
   782 | D:2      | Noticed Jessica
   791 | D:2      | Killed Jessica
  1065 | D:2      | Identified the +3 dagger of Raigruv {vamp, Str+2}
  1440 | D:3      | Reached XP level 5. HP: 41/41 MP: 5/5
  1459 | D:3      | Reached skill level 5 in Axes
  1581 | D:3      | Noticed Ijyb
  1592 | D:3      | Killed Ijyb
  1701 | D:3      | Found a radiant altar of Vehumet.
  1728 | D:3      | Noticed Sigmund
  1745 | D:3      | Killed Sigmund
  1746 | D:3      | Reached skill level 6 in Axes
  1746 | D:3      | Reached XP level 6. HP: 22/47 MP: 6/6
  1899 | D:3      | Noticed flt's ghost (amateur DgTm)
  1916 | D:3      | Found a runed translucent door.
  2332 | D:3      | Killed flt's ghost
  2333 | D:3      | Reached skill level 7 in Axes
  2333 | D:3      | Reached XP level 7. HP: 50/52 MP: 7/7
  2517 | D:4      | Reached skill level 8 in Axes
  2664 | D:4      | Found a sacrificial altar of Ru.
  2718 | D:4      | Identified the +3 leather armour "Gucleore" {+Blink rElec
                  | Int+4}
  2919 | D:4      | Reached XP level 8. HP: 58/58 MP: 8/8
  3218 | D:5      | Entered Level 5 of the Dungeon
  3265 | D:5      | Reached skill level 9 in Axes
  3749 | D:5      | Found a staircase to the Ecumenical Temple.
  3762 | D:5      | Noticed Blork the orc
  3772 | Temple   | Entered the Ecumenical Temple
  3969 | Temple   | Became a worshipper of Yredelemnul the Dark
  3994 | D:5      | Killed Blork the orc
  3995 | D:5      | Reached skill level 10 in Axes
  4279 | D:5      | Reached * piety under Yredelemnul
  4306 | D:5      | Noticed Menkaure
  4308 | D:5      | Killed Menkaure
  4309 | D:5      | Reached XP level 9. HP: 64/64 MP: 9/9
  4711 | D:6      | Reached skill level 11 in Axes
  4777 | D:6      | You fall into a shaft and drop 1 floor!
  4890 | D:7      | Reached ** piety under Yredelemnul
  5192 | D:7      | Reached *** piety under Yredelemnul
  5201 | D:7      | Reached skill level 12 in Axes
  5256 | D:7      | Found an ancient bone altar of Kikubaaqudgha.
  5880 | D:6      | Identified the +0 hat of Ru's Envy {rPois Str+5}
  6106 | D:6      | Noticed Edmund
  6117 | D:6      | Killed Edmund
  6377 | D:7      | HP: 3/64 [yak (4)]
  6380 | D:7      | HP: 1/64 [yak (3)]
  6578 | D:8      | Reached skill level 13 in Axes
  6578 | D:8      | Reached XP level 10. HP: 34/70 MP: 10/10
  6702 | D:8      | Found a staircase to the Lair.
  6768 | D:8      | Found a broken altar of Ashenzari.
  7376 | D:9      | Noticed Maurice
  7409 | D:9      | Killed Maurice
  7424 | D:8      | HP: 1/73 [troll (11)]
  7424 | D:8      | Slain by a troll

Illustrated notes

Levels and vault maps discovered:
D:1:      minmay_arrival_hallway, layout_basic, serial_rivers,
          chequers_serial_rivers_micro_b, chequers_serial_rivers_large_a,
          chequers_serial_rivers_small_a, chequers_serial_rivers_small_a,
          chequers_serial_rivers_micro_a
D:2:      layout_basic, uniq_robin, uniq_jessica
D:3:      layout_basic, lemuel_doored_altar, hellmonk_ghost_happy_afterlife,
          saegor_snake_ambush, uniq_sigmund, uniq_ijyb
D:4:      layout_loops_cross, nicolae_ru_the_path_less_chosen,
          minmay_a_box_with_orc_wizards_in_it, uniq_crazy_yiuf_cottage
D:5:      layout_rooms, minmay_temple_entry_butterflies,
          kennysheep_generic_room_6, uniq_blork_the_orc, uniq_menkaure
D:6:      layout_basic, minmay_puff, uniq_edmund
D:7:      layout_basic, old_standard_altar, serial_park_tiny_pond
D:8:      layout_basic, nicolae_ashenzari_panopticon, dpeg_oklobed_lair,
          kennysheep_decorative_pillar, serial_park_tiny_pond
D:9:      layout_rooms, led_xom_imps, nemelex_xobeh_ov_fountains_minmay,
          enter_bailey_3, uniq_maurice
Temple:   regret_index_temple_waves

Skill      XL: |  1  2  3  4  5  6  7  8  9 10 |
---------------+-------------------------------+-----
Axes           | 3 4 6 7 8 10 13 | 13.9
Fighting       | 4 |  4.5
Armour         | |  3.2
Shields        | |  4.0

Action                     |  1- 3 |  4- 6 |  7- 9 | 10-12 || total
---------------------------+-------+-------+-------+-------++-------
  Melee: War axe           |    80 |    99 |   116 |       ||   295
         Broad axe         |       |       |   165 |    42 ||   207
 Invoke: Recall Undead Har |       |       |     2 |       ||     2
    Use: Potion            |     1 |       |     3 |       ||     4
         Scroll            |       |       |       |    11 ||    11
 Armour: Scale mail        |    43 |    37 |   115 |    24 ||   219
  Dodge: Dodged            |    29 |    35 |   111 |    17 ||   192
  Block: Buckler           |    17 |    28 |    96 |    12 ||   153

Table legend: (Time is in decaauts)
 A = Elapsed time spent in this place.
 B = Non-inter-level travel time spent in this place.
 C = Inter-level travel time spent in this place.
 D = Time resting spent in this place.
 E = Time spent auto-exploring this place.
 F = Levels seen in this place.
 G = Mean time per level.
                   A        B        C        D        E       F      G
               +--------+--------+--------+--------+--------+-----+--------+
         Total |   7535 |   7317 |    218 |   1182 |   4849 |  10 |  753.5 |
       Dungeon |   7325 |   7120 |    205 |   1137 |   4740 |   9 |  813.9 |
        Temple |    210 |    197 |     13 |     45 |    109 |   1 |  210.0 |
               +--------+--------+--------+--------+--------+-----+--------+

Top non-repeatable levels by time:
     D:4: 1121 daAuts
     D:7: 992 daAuts
     D:3: 989 daAuts
     D:5: 938 daAuts
     D:6: 933 daAuts
     D:8: 842 daAuts
     D:2: 763 daAuts
     D:1: 710 daAuts
  Temple: 210 daAuts
     D:9: 33 daAuts
